 Dungeon Crawl Stone Soup version 0.27-a0-1202-ge72e49191c (webtiles) character file.

Game seed: 5087274591857307032

60 Snicker the Sneak (level 3, 0/40 HPs)
             Began as a Demonspawn Brigand on June 4, 2021.
             Succumbed to Ijyb's poison
             ... on level 3 of the Dungeon.
             The game lasted 00:03:42 (2716 turns).

Snicker the Sneak (Demonspawn Brigand)              Turns: 2716, Time: 00:03:42

Health: 0/40       AC:  7    Str: 11    XL:     3   Next: 82%
Magic:  3/3        EV: 10    Int: 12    God:
Gold:   104        SH:  0    Dex: 15    Spells: 2/2 levels left

rFire    . . .     SeeInvis .   a - +2 dagger
rCold    . . .     Faith    .   (no shield)
rNeg     . . .     Spirit   .   m - +0 ring mail
rPois    .         Reflect  .   (no helmet)
rElec    .         Harm     .   c - +0 cloak
rCorr    .         Rampage  .   o - +0 pair of gloves
Will     .....                  (no boots)
Stlth    ..........             (no amulet)
HPRegen  0.13/turn              (no ring)
MPRegen  0.08/turn              (no ring)

@: berserking, lethally poisoned (0 -> -10), very quick
A: spiny 1
a: no special abilities


You were on level 3 of the Dungeon.
You visited 1 branch of the dungeon, and saw 3 of its levels.

You collected 148 gold pieces.
You spent 44 gold pieces at shops.

Inventory:

Hand Weapons
 a - a +2 dagger (weapon)
Missiles
 d - 8 poisoned darts (quivered)
 e - 2 curare-tipped darts
Armour
 b - a +0 robe
 c - a +0 cloak (worn)
 m - a +0 ring mail (worn)
 o - a +0 pair of gloves (worn)
Scrolls
 h - 2 scrolls of identify {unknown}
 i - a scroll of enchant weapon {unknown}
 k - a scroll of holy word {unknown}
 p - a scroll of amnesia {unknown}
 q - 2 scrolls of vulnerability {unknown}
Potions
 f - a potion of cancellation {unknown}
 g - 2 potions of curing {unknown}
 j - 2 potions of berserk rage
 l - a potion of haste {unknown}
 n - a potion of lignification {unknown}


   Skills:
 + Level 2.3 Fighting
 * Level 2.5 Short Blades
 + Level 1.7 Throwing
 + Level 0.3 Armour
 + Level 1.3 Dodging
 * Level 4.3 Stealth


You had 2 spell levels left.
You didn't know any spells.
Your spell library was empty.

Dungeon Overview and Level Annotations

Branches:
Dungeon (3/15)

Altars:
Sif Muna

Shops:
D:1 [

Annotations:
D:3 Ijyb


Innate Abilities, Weirdness & Mutations

You are partially covered in sharp spines.


Message History

A bat is nearby!
A bat is nearby!
Ijyb the Twisted Goblin comes into view.
She is wielding a +2 dagger of venom, wearing a +1 chain mail of positive energy and carrying a wand of flame (4).
The bat hits you but does no damage. The bat is struck by your spines.
The bat hits you but does no damage. The bat is struck by your spines.
You kill the bat!
Ijyb screams, "I cut your head off!"
Ijyb hits you with a +2 dagger of venom.
You closely miss Ijyb.
Ijyb zaps a wand.
The puff of flame hits you.
You hit Ijyb but do no damage.
Ijyb zaps a wand.
The puff of flame hits you!
You closely miss Ijyb. You hit Ijyb but do no damage. Ijyb closely misses you.
You hit Ijyb but do no damage.
Ijyb hits you with a +2 dagger of venom.
You are lethally poisoned!
You barely miss Ijyb.
* * * LOW HITPOINT WARNING * * *
You feel sick.
Ijyb hits you with a +2 dagger of venom.
* * * LOW HITPOINT WARNING * * *
Unknown command.
It was a potion of berserk rage.
A red film seems to cover your vision as you go berserk!
You feel yourself moving faster!
You feel mighty!
* * * LOW HITPOINT WARNING * * *
You feel sick. Ijyb completely misses you.
You closely miss Ijyb.
* * * LOW HITPOINT WARNING * * *
You feel sick.
Ijyb hits you with a +2 dagger of venom.
* * * LOW HITPOINT WARNING * * *
You are more poisoned.
You hit Ijyb.
Ijyb is lightly wounded.
* * * LOW HITPOINT WARNING * * *
You feel sick.
You hit Ijyb but do no damage.
Ijyb is lightly wounded.
You die...

.≈≈≈≈≈..#
#...........#
........#
#...........#
#...........#
#...........#
#...........#
#......"....#
#...........#
#...........#
#.....@.....#
#.....g.....#
#...........#
#...........#
#...........#
#############


You could see Ijyb.

Vanquished Creatures
  2 adders (D:2)
  An endoplasm (D:1)
  4 giant cockroaches
  6 goblins
  3 hobgoblins
  2 jackals (D:2)
  4 quokkas
  4 ball pythons
  5 bats
  2 frilled lizards
  3 kobolds
  2 rats
38 creatures vanquished.

Notes
Turn   | Place    | Note
-------+----------+-------------------------------------------
     0 | D:1      | Snicker the Demonspawn Brigand began the quest for the Orb.
     0 | D:1      | Reached XP level 1. HP: 16/16 MP: 1/1
   258 | D:1      | Reached skill level 1 in Dodging
   537 | D:1      | Found Sysour's Armour Emporium.
   596 | D:1      | Reached skill level 4 in Stealth
   605 | D:1      | Gained mutation: You are partially covered in sharp spines.
                  | [demonic ancestry]
   605 | D:1      | Reached XP level 2. HP: 18/22 MP: 2/2
  1255 | D:1      | Bought a +0 ring mail for 44 gold pieces
  1767 | D:2      | Reached XP level 3. HP: 11/27 MP: 3/3
  2032 | D:2      | Found a faded altar of an unknown god.
  2672 | D:3      | Found a shimmering blue altar of Sif Muna.
  2700 | D:3      | Noticed Ijyb
  2715 | D:3      | HP: 1/40 [poisoned by Ijyb]
  2716 | D:3      | Succumbed to Ijyb's poison

Illustrated notes

Levels and vault maps discovered:
D:1:      dpeg_arrival_round_b, layout_basic, serial_shops, shop,
          hangedman_decor_diamond_cutter, minmay_circled_x
D:2:      layout_basic, hellmonk_ecumenical_altar_pennies_from_heaven,
          kennysheep_generic_room_12
D:3:      kb_forest_paths, layout_basic, nicolae_sif_muna_condensation,
          uniq_ijyb

Skill      XL: |  1  2 |
---------------+-------+-----
Dodging        | 1 |  1.3
Stealth        | 4 |  4.3
Short Blades   | 2 |  2.5
Fighting       | |  2.3
Throwing       | |  1.7
Armour         | |  0.3

Action                   || total
-------------------------++-------
Melee: Dagger            ||   118
  Use: Potion            ||     1
 Stab: Sleeping          ||     8
Armor: Robe              ||    21
       Ring mail         ||    19
Dodge: Dodged            ||    56

Table legend: (Time is in decaauts)
 A = Elapsed time spent in this place.
 B = Non-inter-level travel time spent in this place.
 C = Inter-level travel time spent in this place.
 D = Time resting spent in this place.
 E = Time spent auto-exploring this place.
 F = Levels seen in this place.
 G = Mean time per level.
                   A        B        C        D        E       F      G
               +--------+--------+--------+--------+--------+-----+--------+
         Total |   2705 |   2586 |    119 |      0 |   2205 |   3 |  901.7 |
       Dungeon |   2705 |   2586 |    119 |      0 |   2205 |   3 |  901.7 |
               +--------+--------+--------+--------+--------+-----+--------+

Top non-repeatable levels by time:
     D:1: 1423 daAuts
     D:2: 1168 daAuts
     D:3: 113 daAuts
